 Dungeon Crawl Stone Soup version 0.13.0-25-g43d4df3 (webtiles) character file.

412 Leibowitz the Skirmisher (level 6, -6/39 HPs)
             Began as a Kobold Fighter on Oct 28, 2013.
             Was a Believer of Trog.
             Blown up by an orc (9 damage)
             ... with a wand of disintegration
             ... on Level 4 of the Dungeon.
             The game lasted 00:11:54 (4309 turns).

Leibowitz the Skirmisher (Kobold Fighter)           Turns: 4309, Time: 00:11:54

HP  -6/39        AC  3     Str 16      XL: 6   Next: 31%
MP   5/5         EV 16     Int  6      God: Trog [**....]
Gold 170         SH 12     Dex 16      Spells:  0 memorised,  5 levels left

Res.Fire  : . . .   See Invis. : .   a - +0 short sword
Res.Cold  : . . .   Warding    : +   i - +0 robe
Life Prot.: + . .   Conserve   : .   c - +0 buckler
Res.Poison: .       Res.Corr.  : .   (no helmet)
Res.Elec. : .       Clarity    : .   (no cloak)
Sust.Abil.: . .     Spirit.Shd : .   (no gloves)
Res.Mut.  : .       Stasis     : .   j - +0 pair of boots
Res.Rott. : .       Flight     : .   q - amulet of warding {unknown}
Saprovore : + + .                    (no ring)
                                     (no ring)

@: exhausted, slightly resistant to hostile enchantments, stealthy
A: disease resistance, carnivore 3, saprovore 2
a: Burn Spellbooks, Berserk, Trog's Hand, Renounce Religion


You were on level 4 of the Dungeon.
You worshipped Trog.
Trog was pleased with you.
You were not hungry.

You visited 1 branch of the dungeon, and saw 4 of its levels.

You collected 150 gold pieces.

Inventory:

Hand weapons
 a - a +0,+0 short sword (weapon)
Armour
 c - a +0 buckler (worn)
 i - a +0 robe (worn)
 j - a +0 pair of boots (worn)
Comestibles
 d - 2 meat rations
Scrolls
 h - 3 scrolls of teleportation {unknown}
 k - 2 scrolls of identify
 m - 2 scrolls of remove curse {unknown}
 o - a scroll of enchant weapon I
 p - a scroll of fog {unknown}
Jewellery
 q - an amulet of warding (around neck) {unknown}
Potions
 b - a potion of speed
 f - 2 potions of curing {unknown}
 g - 2 potions of restore abilities {unknown}
 l - a potion of agility {unknown}
 n - a potion of degeneration {unknown}


   Skills:
 * Level 4.3 Fighting
 + Level 3.1 Short Blades
 + Level 2.6 Armour
 * Level 4.1 Dodging
 * Level 2.7 Stealth
 * Level 3.1 Shields


You had 5 spell levels left.
You didn't know any spells.

Dungeon Overview and Level Annotations

Branches:
Dungeon (4/27)             Temple (0/1) D:4

Altars:
Fedhas
Trog

Shops:
D:4 [


Innate Abilities, Weirdness & Mutations

You recuperate from illness quickly.
You are small and have problems with some larger weapons.
You are carnivorous and can eat meat at any time.
You can eat rotten meat.


Message History

The orc wizard is almost dead.
Your skin stops crawling.
You feel less resistant to hostile enchantments.
The orc wizard hits you with an orcish dagger.
* * * LOW HITPOINT WARNING * * *
You barely miss the orc wizard.
The orc wizard is almost dead.
You block the orc wizard's attack.
The orc zaps a wand.
You resist.
The orc wizard hits you but does no damage.
You closely miss the orc wizard.
The orc wizard is almost dead.
The orc hits you with an orcish hand axe.
* * * LOW HITPOINT WARNING * * *
You block the orc wizard's attack.
You hit the orc wizard.
The orc wizard is almost dead.
The orc wizard hits you with an orcish dagger.
* * * LOW HITPOINT WARNING * * *
The orc zaps a wand.
You are blasted!
You die...

##### # #...# ######...#
.##......# #####
.#.......# #...# #
.#......#######...# ..#
........##...#..%.##...#
.........(.)>#.........#
............(...@o.....#
≈≈≈≈≈............o.....#
≈≈≈≈≈≈≈...(..........###
≈≈≈≈≈≈≈≈≈..###.......#
≈...≈≈≈≈≈≈.# #........#
≈.>.≈≈≈≈≈≈.. #.###....#
≈...≈≈≈≈≈≈.#.#.# #...
≈≈≈≈ ≈≈≈.. ..# ## ≈ #


You could see an orc wizard and an orc.

Vanquished Creatures
  A hound (D:4)
  2 worker ants (D:4)
  Ijyb (D:2)
  Terence (D:3)
  A gnoll (D:1)
  2 adders (D:3)
  2 worms
  5 giant geckos
  An ooze (D:1)
  6 orcs
  11 bats
  3 giant cockroaches
  9 goblins
  10 hobgoblins
  8 kobolds
  3 quokkas (D:3)
  6 giant newts
  A goblin zombie (D:3)
  6 jackals
  13 rats
92 creatures vanquished.

Vanquished Creatures (others)
  2 orcs (D:3)
2 creatures vanquished.

Grand Total: 94 creatures vanquished

Notes
Turn   | Place    | Note
--------------------------------------------------------------
     0 | D:1      | Leibowitz, the Kobold Fighter, began the quest for the Orb.
     0 | D:1      | Reached XP level 1. HP: 14/14 MP: 0/0
    78 | D:1      | Reached XP level 2. HP: 14/19 MP: 1/1
   281 | D:1      | Reached skill level 1 in Stealth
   293 | D:1      | Reached XP level 3. HP: 12/24 MP: 2/2
  1403 | D:2      | Found a bloodstained altar of Trog.
  1412 | D:2      | Became a worshipper of Trog the Wrathful
  1466 | D:2      | Noticed Ijyb
  1492 | D:2      | Killed Ijyb
  1492 | D:2      | Reached skill level 1 in Dodging
  1492 | D:2      | Reached XP level 4. HP: 16/28 MP: 3/3
  2532 | D:3      | Noticed Terence
  2659 | D:3      | Acquired Trog's first power
  2924 | D:3      | Reached skill level 4 in Fighting
  2924 | D:3      | Reached XP level 5. HP: 30/33 MP: 4/4
  3171 | D:3      | Killed Terence
  3171 | D:3      | Acquired Trog's second power
  3306 | D:3      | Found a blossoming altar of Fedhas.
  3493 | D:4      | Found Jicuwk's Armour Boutique.
  3782 | D:4      | Reached XP level 6. HP: 17/39 MP: 5/5
  4205 | D:4      | Found a staircase to the Ecumenical Temple.
  4309 | D:4      | Blown up by an orc

Action                   |  1- 3 |  4- 6 || total
-------------------------+-------+-------++-------
Melee: Short sword       |   154 |   354 ||   508
       Dagger            |    75 |       ||    75
Invok: Berserk           |       |     3 ||     3
       Trog's Hand       |       |     1 ||     1
  Use: Scroll            |     2 |       ||     2
       Potion            |       |     3 ||     3
 Stab: Sleeping          |     1 |     1 ||     2
